 Dungeon Crawl Stone Soup version 0.26-a0-1205-g4083c211ab (webtiles) character file.

Game seed: 6541671330986382807

37193 Gargoyl the Fighter (level 13, 0/119 HPs)
             Began as a Gnoll Abyssal Knight on Dec 29, 2020.
             Was a High Priest of Lugonu.
             Slain by Rupert
             ... wielding a +3 great mace of protection
              (38 damage)
             ... on level 13 of the Dungeon.
             The game lasted 00:31:07 (20328 turns).

Gargoyl the Fighter (Gnoll Abyssal Knight)         Turns: 20328, Time: 00:31:08

Health: 0/119      AC: 22    Str: 19    XL:     13   Next: 95%
Magic:  25/25      EV: 12    Int: 14    God:    Lugonu [*****.]
Gold:   1076       SH:  6    Dex: 14    Spells: 29/29 levels left

rFire    + . .     SeeInvis .   K - +5 war axe (freeze)
rCold    . . .     Faith    .   F - +0 buckler
rNeg     + . .     Spirit   .   y - +2 chain mail {rF+}
rPois    +         Reflect  .   C - +0 helmet
rElec    .         Harm     .   (no cloak)
rCorr    .         Rampage  .   k - +2 pair of gloves
Will     .....                  d - +1 pair of boots
Stlth    ++........             H - amulet of Vitality {Regen+ HP+15}
HPRegen  0.69/turn              t - ring of positive energy
MPRegen  0.19/turn              w - ring of poison resistance

@: hasted, very quick
A: distributed training, fangs 1, yellow scales 1, camouflage 1, dopey 1, strong
nose
a: Renounce Religion, Depart the Abyss, Bend Space, Banish, Corrupt, Enter the
Abyss


You were on level 13 of the Dungeon.
You worshipped Lugonu.
Lugonu was extremely pleased with you.
You visited 2 branches of the dungeon, and saw 16 of its levels.
You visited the Abyss 1 time.
You also visited: Sewer.

You collected 1076 gold pieces.

Inventory:

Hand Weapons
 a - a +1 hand axe
 s - a +2 spectral war axe
 K - a +5 war axe of freezing (weapon)
Missiles
 r - 22 poisoned darts (quivered)
Armour
 d - a +1 pair of boots (worn)
 k - a +2 pair of gloves (worn)
 y - a +2 chain mail of fire resistance (worn)
 C - a +0 helmet (worn)
 F - a +0 buckler (worn)
Jewellery
 t - a ring of positive energy (left hand)
 w - a ring of poison resistance (right hand)
 x - an uncursed ring of protection from fire
 H - the amulet of Vitality (around neck) {Regen+ HP+15}
   (You found it on level 10 of the Dungeon)

   [amulet of regeneration]

   It affects your health (+15).
   It increases your rate of regeneration.
 I - an uncursed ring of flight
 L - an uncursed ring of willpower
Wands
 l - a wand of flame (16)
 o - a wand of enslavement (15)
 v - a wand of disintegration (14)
 z - a wand of paralysis (18)
 A - a wand of iceblast (3)
 B - a wand of digging (5)
Scrolls
 c - a scroll of holy word
 e - 6 scrolls of magic mapping
 j - 6 scrolls of identify
 m - 5 scrolls of teleportation
 u - 8 scrolls of fog
 D - 2 scrolls of remove curse
Potions
 f - 7 potions of curing
 h - 3 potions of resistance
 i - 2 potions of invisibility
 n - 5 potions of flight
 p - a potion of haste
 q - 2 potions of brilliance
 E - 2 potions of might
 G - a potion of cancellation
 J - 2 potions of ambrosia {unknown}


   Skills:
 + Level 10.7 Fighting
 + Level 8.6 Short Blades
 + Level 8.6 Long Blades
 + Level 9.8 Axes
 + Level 8.6 Maces & Flails
 + Level 8.6 Polearms
 + Level 8.6 Staves
 + Level 8.6 Slings
 + Level 8.6 Bows
 + Level 8.6 Crossbows
 + Level 8.6 Throwing
 + Level 9.8 Armour
 + Level 9.0 Dodging
 + Level 8.6 Stealth
 + Level 8.6 Shields
 + Level 8.6 Unarmed Combat
 + Level 8.6 Spellcasting
 + Level 7.2 Conjurations
 + Level 7.2 Hexes
 + Level 7.2 Summonings
 + Level 7.2 Necromancy
 + Level 7.2 Translocations
 + Level 7.2 Transmutations
 + Level 7.2 Fire Magic
 + Level 7.2 Ice Magic
 + Level 7.2 Air Magic
 + Level 7.2 Earth Magic
 + Level 7.2 Poison Magic
 + Level 10.4 Invocations
 + Level 8.6 Evocations


You had 29 spell levels left.
You didn't know any spells.
Your spell library contained the following spells:

 Spells                   Type           Power        Failure   Level
 Corona                   Hex            28%          4%          1
 Foxfire                  Conj/Fire      100%         4%          1
 Ensorcelled Hibernation  Hex/Ice        52%          8%          2
 Confusing Touch          Hex            26%          14%         3
 Conjure Flame            Conj/Fire      26%          14%         3
 Dazzling Flash           Conj/Hex       52%          14%         3
 Inner Flame              Hex/Fire       26%          14%         3
 Tukima's Dance           Hex            26%          14%         3
 Sticky Flame             Conj/Fire      26%          43%         4
 Bolt of Magma            Conj/Fire/Erth 13%          80%         5
 Fireball                 Conj/Fire      13%          80%         5
 Iskenderun's Battlesphe  Conj           26%          80%         5
 Iron Shot                Conj/Erth      13%          100%        6
 Orb of Destruction       Conj           13%          100%        7
 Spellforged Servitor     Conj/Summ      13%          100%        7


Dungeon Overview and Level Annotations

Branches:
Dungeon (14/15)            Temple (0/1) D:6            Lair (2/6) D:8
  Swamp (0/4) Lair:2          Orc (0/2) D:12          Sewer (visited)
  Snake: Lair:2-4    Spider: Lair:2-4    Vaults: D:13-14

Altars:
Ashenzari
Dithmenos
Fedhas
Gozag
Kikubaaqudgha
Makhleb
Nemelex Xobeh
Qazlal
Ru
Sif Muna
Trog
Uskayaw
Vehumet
Xom
The Shining One
Beogh

Shops:
D:7 *

Annotations:
D:13 Rupert


Innate Abilities, Weirdness & Mutations

Your experience applies equally to all skills.
You have very sharp teeth.
Your uncanny sense of smell can sniff out nearby items.
You are partially covered in yellow scales. (AC +2)
Your skin changes colour to match your surroundings (Stealth+).
You are dopey. (Int -2)


Message History

You destroy the bullfrog skeleton!
Lugonu accepts your kill.
Rupert roars madly and goes into a rage!
Rupert goes berserk!
Aiming: Corrosive Bolt
Press: ? - help, Shift-Dir - straight line, f/p - Rupert
Aim: Rupert, wielding a +3 great mace of protection and wearing a +0 chain mail (severely wounded, berserk, poisoned, 19% to evade)
The bolt of acid hits Rupert!
Rupert is splashed with acid.
The acid corrodes Rupert!
Rupert is severely wounded.
Rupert hits you with a +3 great mace of protection.
Aiming: Corrosive Bolt
Press: ? - help, Shift-Dir - straight line, f/p - Rupert
Aim: Rupert, wielding a +3 great mace of protection and wearing a +0 chain mail (severely wounded, berserk, poisoned, covered in acid, 19% to evade)
The bolt of acid hits Rupert!!
Rupert is splashed with acid.
Rupert seems to be corroded for longer.
Rupert is almost dead.
The now-empty wand crumbles to dust.
You block the yak's attack.
Rupert hits you with a +3 great mace of protection!!!
You die...

#.########..###.#...Y...# #.#
#..# #.#.(.h...# #.# #..#
#.#.(.....# #.# #...
..(....#..#
#.#########.###.#.#...#.#
#...............#....# .#
##..##### #.......#.†##.###.
#..# #Y@....###........ #..#
#@##.##.#..#.##.#. #..# #.#
#........... ##..#
#...####.#####.#..
##...#######...........# #...
##.#............####.##.####..
#.###.########..# #.##..##...
##.#.## ..# #######.#... ##.##
... #......#.... #!#
#.#.#.##.#.#....


You could see Rupert (berserk, poisoned, corroded) and a yak.

Vanquished Creatures
  Jorgrun (D:13)
  3 centaur warriors
  A tengu warrior (D:7)
  3 two-headed ogres
  The ghost of hemabe71 the Charlatan, a novice HuAr of Okawaru (D:7)
  2 unseen horrors
  A deep elf mage (D:13)
  A wolf spider zombie (D:12)
  3 cyclopes
  3 ugly things
  A gargoyle (D:10)
  4 cane toads
  3 komodo dragons
  2 trolls
  2 hornets
  6 slime creatures
  Grinder (Sewer)
  9 blink frogs
  A meliai zombie (D:13)
  A shadow (D:12)
  2 wraiths
  A vampire (D:13)
  3 yaks
  4 wyverns
  A basilisk (D:8)
  A steam dragon (D:8)
  A soldier ant (D:11)
  A swamp worm (Lair:2)
  3 water moccasins
  4 sky beasts
  An ice beast (D:8)
  3 orc warriors
  An eye of draining (D:10)
  4 ogres
  3 phantoms
  22 wolves
  12 centaurs
  6 big kobolds
  12 bullfrogs
  A water moccasin zombie (D:7)
  8 scorpions
  4 killer bees (D:11)
  10 wights
  A howler monkey (D:13)
  9 hounds
  4 bullfrog zombies
  A quasit (D:10)
  4 orc priests
  3 centaur skeletons
  3 jellies
  3 bullfrog skeletons
  6 iguanas
  15 worker ants
  12 orc wizards
  5 big kobold zombies (Sewer)
  A hound zombie (D:10)
  A hound skeleton (D:6)
  A worker ant zombie (D:11)
  A howler monkey zombie (D:7)
  7 gnolls (D:3)
  19 adders
  2 shadow imps
  2 ufetubi
  4 oozes
  An adder skeleton (D:4)
  3 worms (D:2)
  3 dart slugs
  12 leopard geckos
  35 orcs
  6 bats
  9 giant cockroaches
  8 goblins
  6 hobgoblins
  9 jackals
  6 quokkas
  5 ball pythons
  5 frilled lizards
  A giant cockroach zombie (Sewer)
  A jackal zombie (D:8)
  27 kobolds
  2 kobold zombies (Sewer)
  8 rats
408 creatures vanquished.

Vanquished Creatures (others)
  A hound zombie (D:7)
  2 orcs (D:8)
  12 fungi
  5 plants (D:5)
20 creatures vanquished.

Grand Total: 428 creatures vanquished

Notes
Turn   | Place    | Note
-------+----------+-------------------------------------------
     0 | Abyss:1  | Gargoyl the Gnoll Abyssal Knight began the quest for the
                  | Orb.
     0 | Abyss:1  | Reached XP level 1. HP: 23/23 MP: 3/3
    99 | Abyss:2  | Noticed a ynoxinul
   100 | D:1      | Escaped the Abyss
   208 | D:1      | Reached * piety under Lugonu
   399 | D:1      | Reached XP level 2. HP: 26/29 MP: 5/5
   864 | D:2      | Reached XP level 3. HP: 27/35 MP: 6/6
  1530 | D:2      | Noticed a sky beast
  1546 | D:2      | Gained mutation: Your skin changes colour to match your
                  | surroundings (Stealth+). [potion of mutation]
  1546 | D:2      | Gained mutation: You are dopey. (Int -2) [potion of
                  | mutation]
  1546 | D:2      | Gained mutation: You are partially covered in yellow
                  | scales. (AC +2) [potion of mutation]
  1561 | D:2      | Killed a sky beast
  1562 | D:2      | Reached skill level 1 in Short Blades
  1562 | D:2      | Reached skill level 1 in Long Blades
  1562 | D:2      | Reached skill level 1 in Maces & Flails
  1562 | D:2      | Reached skill level 1 in Polearms
  1562 | D:2      | Reached skill level 1 in Staves
  1562 | D:2      | Reached skill level 1 in Slings
  1562 | D:2      | Reached skill level 1 in Bows
  1562 | D:2      | Reached skill level 1 in Crossbows
  1562 | D:2      | Reached skill level 1 in Throwing
  1562 | D:2      | Reached skill level 1 in Stealth
  1562 | D:2      | Reached skill level 1 in Shields
  1562 | D:2      | Reached skill level 1 in Unarmed Combat
  1562 | D:2      | Reached skill level 1 in Spellcasting
  1562 | D:2      | Reached skill level 1 in Conjurations
  1562 | D:2      | Reached skill level 1 in Hexes
  1562 | D:2      | Reached skill level 1 in Summonings
  1562 | D:2      | Reached skill level 1 in Necromancy
  1562 | D:2      | Reached skill level 1 in Translocations
  1562 | D:2      | Reached skill level 1 in Transmutations
  1562 | D:2      | Reached skill level 1 in Fire Magic
  1562 | D:2      | Reached skill level 1 in Ice Magic
  1562 | D:2      | Reached skill level 1 in Air Magic
  1562 | D:2      | Reached skill level 1 in Earth Magic
  1562 | D:2      | Reached skill level 1 in Poison Magic
  1562 | D:2      | Reached skill level 1 in Evocations
  1562 | D:2      | Reached XP level 4. HP: 13/41 MP: 7/7
  1562 | D:2      | Reached XP level 5. HP: 15/47 MP: 8/8
  1793 | D:2      | Found a sacrificial altar of Ru.
  2267 | D:3      | Found a glowing drain.
  2321 | D:3      | Reached ** piety under Lugonu
  2331 | Sewer    | Entered a sewer
  2469 | Sewer    | Reached skill level 5 in Invocations
  2543 | Sewer    | Reached XP level 6. HP: 52/53 MP: 9/9
  2621 | Sewer    | Reached skill level 5 in Axes
  2621 | Sewer    | Reached skill level 5 in Armour
  2633 | Sewer    | Found an ancient bone altar of Kikubaaqudgha.
  2884 | Sewer    | Reached XP level 7. HP: 40/59 MP: 10/10
  2997 | Sewer    | Noticed Grinder
  3013 | Sewer    | Killed Grinder
  3762 | D:3      | Reached *** piety under Lugonu
  4215 | D:3      | Reached XP level 8. HP: 64/67 MP: 12/12
  5106 | D:4      | Found a glowing golden altar of the Shining One.
  5458 | D:5      | Entered Level 5 of the Dungeon
  5990 | D:5      | Found a hide-covered altar of Uskayaw.
  6365 | D:5      | Found a bloodstained altar of Trog.
  6636 | D:6      | You fall into a shaft and drop 1 floor!
  6788 | D:6      | Reached **** piety under Lugonu
  6821 | D:6      | Found a staircase to the Ecumenical Temple.
  6895 | D:6      | Reached XP level 9. HP: 72/72 MP: 14/14
  7049 | D:6      | Found a stormy altar of Qazlal.
  7400 | D:7      | Found a broken altar of Ashenzari.
  8002 | D:7      | Reached skill level 5 in Dodging
  8389 | D:7      | Found Jymput's Sacrilege Store.
  8389 | D:7      | Found an ancient bone altar of Kikubaaqudgha.
  8499 | D:7      | Found a shadowy altar of Dithmenos.
  8518 | D:7      | Got a steaming ring mail
  8529 | D:7      | Identified the +5 ring mail of Vehumet's Regard {Regen+
                  | Str-4 Int+2 Stlth+} (You found it on level 7 of the
                  | Dungeon)
  8550 | D:7      | Found a runed translucent gate.
  8552 | D:7      | Found a runed translucent gate.
  8552 | D:7      | Found an opulent altar of Gozag.
  8553 | D:7      | Found a runed translucent gate.
  8553 | D:7      | Noticed a tengu warrior
  8554 | D:7      | Noticed hemabe71's ghost (novice HuAr)
  8577 | D:7      | Found a blossoming altar of Fedhas.
  8980 | D:7      | Killed a tengu warrior
  8988 | D:7      | Killed hemabe71's ghost
  8989 | D:7      | Reached XP level 10. HP: 41/80 MP: 15/17
  9282 | D:8      | Reached skill level 5 in Short Blades
  9282 | D:8      | Reached skill level 5 in Long Blades
  9282 | D:8      | Reached skill level 5 in Maces & Flails
  9282 | D:8      | Reached skill level 5 in Polearms
  9282 | D:8      | Reached skill level 5 in Staves
  9282 | D:8      | Reached skill level 5 in Slings
  9282 | D:8      | Reached skill level 5 in Bows
  9282 | D:8      | Reached skill level 5 in Crossbows
  9282 | D:8      | Reached skill level 5 in Throwing
  9282 | D:8      | Reached skill level 5 in Stealth
  9282 | D:8      | Reached skill level 5 in Shields
  9282 | D:8      | Reached skill level 5 in Unarmed Combat
  9282 | D:8      | Reached skill level 5 in Spellcasting
  9282 | D:8      | Reached skill level 5 in Evocations
  9643 | D:8      | Found a staircase to the Lair.
 10706 | D:8      | Found a burning altar of Makhleb.
 10707 | D:8      | Found a shimmering blue altar of Sif Muna.
 10815 | Lair:1   | Entered Level 1 of the Lair of Beasts
 10815 | Lair:1   | Noticed a cane toad
 10815 | Lair:1   | Noticed a cane toad
 10827 | D:8      | Killed a cane toad
 10916 | D:8      | Killed a cane toad
 11257 | D:8      | Reached XP level 11. HP: 31/87 MP: 19/19
 12098 | Lair:1   | Reached skill level 5 in Conjurations
 12098 | Lair:1   | Reached skill level 5 in Hexes
 12098 | Lair:1   | Reached skill level 5 in Summonings
 12098 | Lair:1   | Reached skill level 5 in Necromancy
 12098 | Lair:1   | Reached skill level 5 in Translocations
 12098 | Lair:1   | Reached skill level 5 in Transmutations
 12098 | Lair:1   | Reached skill level 5 in Fire Magic
 12098 | Lair:1   | Reached skill level 5 in Ice Magic
 12098 | Lair:1   | Reached skill level 5 in Air Magic
 12098 | Lair:1   | Reached skill level 5 in Earth Magic
 12098 | Lair:1   | Reached skill level 5 in Poison Magic
 13917 | Lair:2   | Reached XP level 12. HP: 97/97 MP: 20/22
 14928 | Lair:2   | Found a staircase to the Swamp.
 15294 | D:9      | Found a shadowy altar of Dithmenos.
 15387 | D:9      | Noticed a two-headed ogre
 15418 | D:9      | Killed a two-headed ogre
 15469 | D:9      | Noticed a two-headed ogre
 15484 | D:9      | Killed a two-headed ogre
 15485 | D:9      | Reached skill level 10 in Fighting
 15728 | D:9      | Reached ***** piety under Lugonu
 15958 | D:9      | Found a radiant altar of Vehumet.
 16002 | D:10     | Entered Level 10 of the Dungeon
 16489 | D:10     | Found the amulet of Vitality {Regen+ HP+15}
 16664 | D:10     | Reached XP level 13. HP: 84/103 MP: 14/24
 17051 | D:10     | Found a sparkling altar of Nemelex Xobeh.
 17524 | D:11     | Got a crude ring mail
 17525 | D:11     | Identified the +3 ring mail of a wizard's laboratory {rPois
                  | rF+ rN++ Dex-2} (You found it on level 11 of the Dungeon)
 18108 | D:12     | Found a shimmering altar of Xom.
 18126 | D:12     | Found a staircase to the Orcish Mines.
 18131 | D:12     | Found a roughly hewn altar of Beogh.
 18465 | D:12     | Reached skill level 10 in Invocations
 19235 | D:13     | Noticed Rupert
 19240 | D:13     | Noticed Jorgrun
 19938 | D:13     | HP: 5/119 [Jorgrun/iron shot (23)]
 19942 | D:13     | Killed Jorgrun
 20281 | D:13     | Paralysed by Rupert for 6 turns
 20328 | D:13     | Slain by Rupert

Illustrated notes

Levels and vault maps discovered:
D:1:      minmay_arrival_diagonal_passages, layout_basic
D:2:      layout_basic, nicolae_ru_sacrificial_ziggurat
D:3:      layout_basic, gup_sewer_entry_glass
D:4:      layout_loops_ring, overflow_temple_1_default,
          kennysheep_okawaru_gauntlet, serial_aquarium,
          aquarium_bridge_long_separate [aquarium_subvault_bridge,
          aquarium_subvault_balcony, aquarium_subvault_wall,
          aquarium_subvault_wall, aquarium_subvault_wall,
          aquarium_subvault_bridge], aquarium_window_1, aquarium_window_1,
          aquarium_view_2b, aquarium_view_2e, item_on_display_a, uniq_grinder
D:5:      layout_loops_ring, old_standard_altar, overflow_temple_1_default,
          guppyfry_early_lair_pool
D:6:      layout_basic, marbit_many_paths, minmay_temple_entry_ruins
D:7:      cheibrodos_barr_body, layout_basic, fedhas_ov_isle_minmay,
          nicolae_dithmenos_through_a_glass_darkly, kennysheep_mini_moat,
          ebering_ghost_gozag, minivault_5, nicolae_evil_shop
D:8:      layout_gridville, nicolae_overflow_hidden_temple, erik_lair_dragon,
          st_stairs_3, grunt_decor_resistance
D:9:      layout_rooms, kennysheep_little_box, basic_altar,
          kennysheep_generic_room_10
D:10:     layout_loops_ring, basic_altar, minmay_mirror_moons_of_madness
D:11:     layout_basic
D:12:     layout_roguey, minmay_orc_entry_temple_small, serial_curves,
          eino_curves_04, eino_curves_01, eino_curves_01, eino_curves_04,
          basic_altar
D:13:     layout_loops_ring, kennysheep_generic_room_12, uniq_rupert,
          uniq_jorgrun
D:14:     layout_loops_ring, david_vaults_2, minmay_splitting_lines
Lair:1:   layout_chaotic_city
Lair:2:   layout_regular_city, minmay_swamp_entry_worms, basic_altar,
          lemuel_fruit_fields

Skill      XL: |  1  2  3  4  5  6  7  8  9 10 11 12 13 |
---------------+----------------------------------------+-----
Short Blades   | 1 2 3 4 5 7 8 |  8.6
Long Blades    | 1 2 3 4 5 7 8 |  8.6
Maces & Flails | 1 2 3 4 5 7 8 |  8.6
Polearms       | 1 2 3 4 5 7 8 |  8.6
Staves         | 1 2 3 4 5 7 8 |  8.6
Slings         | 1 2 3 4 5 7 8 |  8.6
Bows           | 1 2 3 4 5 7 8 |  8.6
Crossbows      | 1 2 3 4 5 7 8 |  8.6
Throwing       | 1 2 3 4 5 7 8 |  8.6
Stealth        | 1 2 3 4 5 7 8 |  8.6
Shields        | 1 2 3 4 5 7 8 |  8.6
Unarmed Combat | 1 2 3 4 5 7 8 |  8.6
Spellcasting   | 1 2 3 4 5 7 8 |  8.6
Conjurations   | 1 2 3 4 5 6 7 |  7.2
Hexes          | 1 2 3 4 5 6 7 |  7.2
Summonings     | 1 2 3 4 5 6 7 |  7.2
Necromancy     | 1 2 3 4 5 6 7 |  7.2
Translocations | 1 2 3 4 5 6 7 |  7.2
Transmutations | 1 2 3 4 5 6 7 |  7.2
Fire Magic     | 1 2 3 4 5 6 7 |  7.2
Ice Magic      | 1 2 3 4 5 6 7 |  7.2
Air Magic      | 1 2 3 4 5 6 7 |  7.2
Earth Magic    | 1 2 3 4 5 6 7 |  7.2
Poison Magic   | 1 2 3 4 5 6 7 |  7.2
Evocations     | 1 2 3 4 5 7 8 |  8.6
Dodging        | 3 4 5 6 7 8 9 |  9.0
Invocations    | 5 6 7 9 10 | 10.4
Axes           | 5 6 7 8 9 |  9.8
Armour         | 5 6 7 8 9 |  9.8
Fighting       | 7 8 9 10 | 10.7

Action                   |  1- 3 |  4- 6 |  7- 9 | 10-12 | 13-15 || total
-------------------------+-------+-------+-------+-------+-------++-------
Melee: Hand axe          |   101 |   163 |   197 |       |       ||   461
       Bite              |    14 |    18 |    45 |    75 |    66 ||   218
       Punch             |       |     3 |     8 |    12 |       ||    23
       War axe           |       |       |   235 |   632 |   399 ||  1266
Throw: Dart              |       |       |       |    62 |    10 ||    72
Invok: Depart the Abyss  |     1 |       |       |       |       ||     1
       Bend Space        |       |       |     7 |       |     3 ||    10
       Banish            |       |       |     2 |     2 |     5 ||     9
Evoke: Wand              |       |       |     6 |       |     7 ||    13
  Use: Potion            |     7 |       |     3 |     7 |    10 ||    27
       Scroll            |     1 |     2 |    15 |     6 |    11 ||    35
 Stab: Sleeping          |     5 |     6 |    25 |       |     2 ||    38
       Invisible         |       |       |     7 |     2 |       ||     9
       Distracted        |       |       |     1 |       |     2 ||     3
Armor: Leather armour    |    37 |     1 |       |       |       ||    38
       Scale mail        |       |    79 |   213 |    13 |       ||   305
       Skin              |       |       |     6 |       |       ||     6
       Chain mail        |       |       |       |   452 |   275 ||   727
Dodge: Dodged            |    66 |    81 |   265 |   463 |   217 ||  1092
Block: Buckler           |       |       |       |    25 |   116 ||   141

Table legend: (Time is in decaauts)
 A = Elapsed time spent in this place.
 B = Non-inter-level travel time spent in this place.
 C = Inter-level travel time spent in this place.
 D = Time resting spent in this place.
 E = Time spent auto-exploring this place.
 F = Levels seen in this place.
 G = Mean time per level.
                   A        B        C        D        E       F      G
               +--------+--------+--------+--------+--------+-----+--------+
         Total |  20472 |  19929 |    543 |   3697 |  12062 |  19 | 1077.5 |
       Dungeon |  15829 |  15344 |    485 |   2232 |   9792 |  14 | 1130.6 |
          Lair |   3474 |   3416 |     58 |   1170 |   1740 |   2 | 1737.0 |
         Abyss |     99 |     99 |      0 |      0 |     80 |   2 |   49.5 |
         Sewer |   1068 |   1068 |      0 |    294 |    450 |   1 | 1068.0 |
               +--------+--------+--------+--------+--------+-----+--------+

Top non-repeatable levels by time:
     D:8: 2636 daAuts
  Lair:1: 2183 daAuts
     D:7: 1937 daAuts
     D:3: 1453 daAuts
    D:10: 1324 daAuts
  Lair:2: 1291 daAuts
     D:2: 1197 daAuts
    D:12: 1149 daAuts
     D:5: 1121 daAuts
   Sewer: 1068 daAuts
     D:4: 930 daAuts
     D:6: 744 daAuts
     D:1: 739 daAuts
     D:9: 731 daAuts
    D:13: 722 daAuts
